AoeStats
← Axolotlin

Arena

508457865Analyzed
4v4 RM · 9d ago on Sep 22, 2026· 38m 24s· 8 players
Game mode
Random Map
Map size
Large (8 player)
Population
200
Speed
Normal
Resources
Standard
Victory
Conquest
Starting age
Dark Age
Ending age
Imperial Age
RankedLock teamsTeams togetherTeam positionsShared explorationLock speedFull tech treeHidden civsTurbo modeCheats
Victory
Defeat
🇺🇸 Hindustanis · United States
1235
+13
🇲🇽 Shu · Mexico
1172
+16
🇧🇷 Malay · Brazil
1166
+16
🇯🇵 Spanish · Japan
1088
+19
🇪🇸 Lithuanians · Spain
1226
-18
🇮🇳 Magyars · India
1209
-18
🇨🇳 Sicilians · China
1171
-16
🇨🇳 Turks · China
1058
-12
MattVini
12:51 Feudal Age
12:40 Double-Bit Axe
12:37 Horse Collar
16:28 Castle Age
16:19 Bow Saw
17:35 Wheelbarrow
18:14 Heavy Plow
22:11 Bow Saw
22:14 Stone Mining
23:01 Gold Mining
23:18 Loom
24:34 Gold Shaft Mining
24:28 Hand Cart
26:32 Stone Shaft Mining
29:39 Imperial Age
27:36 Scale Barding Armor
27:41 Forging
28:34 Elite Battle Elephant
30:04 Iron Casting
32:12 Blast Furnace
32:38 Conscription
35:48 Man-at-Arms
sj
10:36 Feudal Age
14:32 Castle Age
12:37 Double-Bit Axe
12:43 Horse Collar
16:04 Bow Saw
17:03 Heavy Plow
22:03 Wheelbarrow
22:59 Hand Cart
27:11 Imperial Age
24:38 Loom
25:54 Gold Mining
26:39 Bloodlines
26:29 Husbandry
26:39 Scale Barding Armor
26:43 Town Watch
27:17 Forging
27:40 Chain Barding Armor
27:24 Stone Mining
27:21 Heavy Camel Rider
29:35 Chemistry
29:33 Iron Casting
32:01 Coinage
32:00 Town Patrol
33:02 Two-Man Saw
32:38 Gold Shaft Mining
32:38 Stone Shaft Mining
33:09 Plate Barding Armor
33:34 Blast Furnace
33:24 Imperial Camel Rider
35:19 Blast Furnace
34:10 Fletching
36:17 Bodkin Arrow
Axolotlin
10:14 Feudal Age
11:37 Loom
14:24 Castle Age
12:36 Double-Bit Axe
13:00 Horse Collar
23:20 Bow Saw
26:16 Wheelbarrow
25:36 Town Watch
26:06 Caravan
26:28 Heavy Plow
31:36 Imperial Age
29:45 Fletching
30:30 Forging
30:20 Bodkin Arrow
32:41 Gold Mining
32:47 Crossbowman
33:39 Forging
33:47 Thumb Ring
33:47 Bracer
34:55 Conscription
35:02 Hand Cart
36:38 Chemistry
36:32 Arbalester
37:14 Padded Archer Armor
39:38 Gold Shaft Mining
38:53 Stone Mining
Papperation
7:33 Loom
10:47 Feudal Age
15:28 Castle Age
13:40 Double-Bit Axe
19:12 Bow Saw
26:43 Horse Collar
29:00 Wheelbarrow
28:35 Gold Mining
29:37 Padded Archer Armor
29:28 Fletching
31:05 Hand Cart
31:07 Heavy Plow
32:42 Husbandry
32:53 Bloodlines
35:37 Imperial Age
34:50 Leather Archer Armor
34:31 Bodkin Arrow
36:01 Stone Mining
37:24 Chemistry
37:21 Conscription
36:50 Elite Conquistador
39:20 Hoardings
Limako
10:00 Feudal Age
13:58 Castle Age
12:39 Double-Bit Axe
13:49 Stone Mining
20:53 Fervor
22:14 Horse Collar
22:27 Loom
24:05 Wheelbarrow
24:44 Heavy Plow
25:21 Gold Mining
25:47 Scale Barding Armor
25:34 Town Watch
26:34 Hand Cart
26:43 Bow Saw
28:30 Forging
31:14 Imperial Age
30:05 Iron Casting
29:42 Bloodlines
30:16 Stone Shaft Mining
29:12 Elite Skirmisher
30:14 Town Patrol
30:30 Husbandry
30:46 Thumb Ring
30:35 Fletching
32:31 Chain Barding Armor
32:24 Tower Shields
32:46 Conscription
34:14 Chemistry
33:35 Ballistics
32:38 Pikeman
34:00 Bodkin Arrow
34:42 Plate Barding Armor
33:51 Halberdier
34:32 Squires
37:09 Elite Leitis
moneyfusion06
11:06 Feudal Age
14:40 Castle Age
13:09 Horse Collar
13:16 Double-Bit Axe
16:04 Bow Saw
17:18 Wheelbarrow
17:04 Heavy Plow
20:46 Loom
22:19 Fletching
24:11 Hand Cart
25:31 Bloodlines
25:22 Husbandry
29:17 Imperial Age
27:00 Bodkin Arrow
27:04 Gold Mining
27:23 Padded Archer Armor
27:36 Bloodlines
28:05 Scale Mail Armor
28:31 Thumb Ring
28:56 Ballistics
28:06 Pikeman
29:15 Town Watch
29:51 Leather Archer Armor
30:04 Bracer
30:04 Heavy Cavalry Archer
31:55 Chemistry
31:03 Husbandry
31:04 Halberdier
32:38 Recurve Bow
33:22 Chain Mail Armor
33:38 Ring Archer Armor
37:44 Parthian Tactics
叶的第八章
11:01 Feudal Age
16:34 Castle Age
14:43 Double-Bit Axe
25:23 Wheelbarrow
24:31 Horse Collar
26:18 Heavy Plow
27:34 Hand Cart
29:53 Imperial Age
28:07 Gold Mining
29:50 Gold Shaft Mining
29:12 Stone Mining
30:58 Conscription
29:59 Elite Janissary
无甲的joe
10:01 Feudal Age
15:03 Castle Age
13:12 Double-Bit Axe
13:20 Horse Collar
23:35 First Crusade
23:19 Scale Mail Armor
24:21 Forging
26:03 Wheelbarrow
25:30 Heavy Plow
26:56 Arson
27:12 Squires
33:08 Imperial Age
30:24 Town Watch
30:59 Stone Mining
31:50 Bow Saw
31:28 Pikeman
32:38 Gold Mining
33:23 Stone Shaft Mining
33:12 Elite Serjeant
34:56 Gold Shaft Mining
34:00 Halberdier
35:16 Chain Mail Armor
35:36 Iron Casting
Connection lost

Rejoining the realm…

Still unreachable

The connection could not be restored.

Session expired

The server has moved on; the page needs a fresh start.